AoeStats
← Rexie

Black Forest

504565080Analyzed
4v4 RM · 28d ago on Sep 5, 2026· 72m 33s· 8 players
Game mode
Random Map
Map size
Large (8 player)
Population
200
Speed
Normal
Resources
Standard
Victory
Conquest
Starting age
Dark Age
Ending age
Imperial Age
RankedLock teamsTeams togetherTeam positionsShared explorationLock speedFull tech treeHidden civsTurbo modeCheats
Victory
Defeat
🇲🇽 Persians · Mexico
662
+15
🇧🇴 Byzantines · Bolivia
657
+15
🇨🇭 Vietnamese · Switzerland
536
+20
🇬🇧 Khmer · United Kingdom
506
+22
🇮🇳 Malay · India
688
-19
🇮🇳 Franks · India
654
-19
🇮🇳 Persians · India
626
-18
🇮🇳 Bohemians · India
577
-16
athmaniac
3:25 Loom
16:14 Feudal Age
17:28 Horse Collar
20:41 Castle Age
19:47 Double-Bit Axe
19:56 Stone Mining
19:57 Gold Mining
23:50 Heavy Plow
26:03 Stone Shaft Mining
28:00 Caravan
29:28 Fervor
30:55 Bow Saw
32:28 Husbandry
32:39 Bloodlines
35:09 Gold Shaft Mining
39:56 Tusk Swords
40:47 Scale Barding Armor
40:53 Forging
41:42 Wheelbarrow
43:32 Chain Barding Armor
43:48 Iron Casting
44:08 Pikeman
47:35 Imperial Age
45:45 Hand Cart
47:22 Scale Mail Armor
47:15 Town Watch
47:54 Halberdier
50:04 Conscription
50:51 Fletching
52:04 Blast Furnace
54:55 Chain Mail Armor
54:36 Bodkin Arrow
PussyMan
0:39 Loom
12:23 Feudal Age
20:53 Castle Age
19:52 Double-Bit Axe
19:52 Horse Collar
20:06 Gold Mining
20:06 Stone Mining
33:50 Imperial Age
32:10 Bloodlines
32:00 Husbandry
33:53 Wheelbarrow
33:04 Town Watch
33:33 Forging
33:28 Scale Barding Armor
33:16 Fletching
35:07 Citadels
35:18 Conscription
36:23 Gold Shaft Mining
36:23 Stone Shaft Mining
36:12 Chain Barding Armor
37:08 Cavalier
37:29 Elite Skirmisher
39:10 Hand Cart
38:57 Town Patrol
40:59 Bow Saw
42:15 Coinage
41:46 Caravan
41:11 Elite War Elephant
45:20 Chemistry
44:17 Murder Holes
45:40 Plate Barding Armor
45:06 Padded Archer Armor
45:08 Scale Mail Armor
45:44 Iron Casting
46:25 Kamandaran
51:12 Blast Furnace
50:28 Leather Archer Armor
50:28 Chain Mail Armor
50:09 Bodkin Arrow
53:25 Pikeman
54:05 Squires
53:51 Arson
54:14 Savar
54:40 Halberdier
65:38 Plate Mail Armor
65:38 Ring Archer Armor
Hernan-Cortez
0:31 Loom
16:54 Feudal Age
25:03 Castle Age
23:18 Stone Mining
25:46 Double-Bit Axe
25:47 Horse Collar
26:01 Gold Mining
35:21 Wheelbarrow
34:32 Town Watch
36:13 Heavy Plow
36:27 Bow Saw
40:40 Imperial Age
40:45 Padded Archer Armor
40:36 Fletching
40:47 Scale Mail Armor
40:57 Forging
43:51 Crop Rotation
44:35 Two-Man Saw
43:11 Elite Rattan Archer
44:13 Paper Money
44:29 Hoardings
43:56 Bodkin Arrow
44:37 Iron Casting
44:18 Chain Mail Armor
44:47 Ballistics
45:28 Chemistry
46:46 Siege Engineers
47:01 Leather Archer Armor
46:47 Bracer
47:20 Plate Mail Armor
49:41 Ring Archer Armor
49:15 Squires
60:59 Elite Fire Lancer
marcselo61280
0:41 Loom
13:39 Feudal Age
15:19 Double-Bit Axe
20:02 Castle Age
24:16 Bow Saw
28:46 Imperial Age
27:11 Pikeman
30:22 Squires
33:26 Ballistics
36:54 Chemistry
38:29 Halberdier
43:04 Scale Mail Armor
48:47 Two-Man Saw
50:09 Treadmill Crane
50:40 Fortified Wall
53:13 Chain Mail Armor
57:09 Plate Mail Armor
61:03 Forging
Rexie
0:40 Loom
17:08 Feudal Age
18:25 Town Watch
22:17 Castle Age
20:15 Double-Bit Axe
25:21 Bow Saw
28:52 Wheelbarrow
29:38 Horse Collar
34:41 Hand Cart
35:10 Pikeman
35:51 Squires
35:37 Arson
43:00 Imperial Age
41:52 Chemistry
43:18 Halberdier
Wolvie
0:36 Loom
12:00 Feudal Age
14:35 Wheelbarrow
16:31 Double-Bit Axe
16:39 Stone Mining
22:22 Castle Age
23:58 Caravan
24:33 Hand Cart
28:56 Husbandry
29:07 Forging
29:02 Scale Barding Armor
32:27 Pikeman
33:08 Squires
32:53 Arson
34:14 Iron Casting
34:00 Chain Barding Armor
33:25 Crossbowman
40:54 Imperial Age
40:55 Cavalier
42:17 Halberdier
44:00 Blast Furnace
43:36 Plate Barding Armor
47:05 Paladin
49:55 Conscription
Cocainwrld
0:46 Loom
14:48 Feudal Age
18:37 Double-Bit Axe
20:12 Wheelbarrow
20:05 Horse Collar
30:34 Castle Age
30:40 Gold Mining
30:40 Stone Mining
33:06 Caravan
33:37 Coinage
35:33 Hand Cart
36:00 Heated Shot
36:21 Masonry
37:26 Scale Barding Armor
37:32 Forging
39:38 Bow Saw
43:14 Kamandaran
42:41 Crossbowman
43:26 Thumb Ring
45:57 Fletching
46:08 Padded Archer Armor
70:26 Leather Archer Armor
70:07 Bodkin Arrow
DARK_SaMURai
4:28 Loom
15:34 Feudal Age
17:05 Double-Bit Axe
17:03 Horse Collar
18:00 Stone Mining
19:46 Gold Mining
25:37 Castle Age
24:06 Forging
26:01 Gold Shaft Mining
25:39 Bow Saw
29:08 Wheelbarrow
29:01 Heavy Plow
29:06 Caravan
31:30 Gold Shaft Mining
31:51 Iron Casting
31:23 Scale Barding Armor
32:22 Squires
32:10 Man-at-Arms
33:25 Long Swordsman
34:54 Hand Cart
35:47 Masonry
35:26 Pikeman
47:01 Imperial Age
45:30 Husbandry
46:38 Siege Engineers
46:35 Two-Handed Swordsman
49:14 Halberdier
51:59 Crop Rotation
52:31 Blast Furnace
52:36 Chemistry
55:50 Ballistics
54:54 Heavy Scorpion
55:52 Light Cavalry
62:24 Cavalier
Connection lost

Rejoining the realm…

Still unreachable

The connection could not be restored.

Session expired

The server has moved on; the page needs a fresh start.